 Dungeon Crawl Stone Soup version 0.26-a0-613-g4f23886233 (webtiles) character file.

Game seed: 477302091923493787

84 KikubaaqudghaCute the Sneak (level 4, 0/32 HPs)
             Began as a Vampire Enchanter on Sept 10, 2020.
             Slain by a gnoll (8 damage)
             ... on level 2 of the Dungeon.
             The game lasted 00:05:15 (2018 turns).

KikubaaqudghaCute the Sneak (Vampire Enchanter)     Turns: 2018, Time: 00:05:15

Health: 0/32       AC:  2    Str:  8    XL:     4   Next: 24%
Magic:  1/7        EV: 12    Int: 17    God:
Gold:   42         SH:  0    Dex: 14    Spells: 1/7 levels left

rFire    . . .     SeeInvis +   a - +1 dagger
rCold    . . .     Faith    .   (no shield)
rNeg     . . .     Spirit   .   b - +0 robe
rPois    .         Reflect  .   (no helmet)
rElec    .         Harm     .   (no cloak)
rCorr    .                      (no gloves)
MR       .....                  (no boots)
Stlth    +++.......             (no amulet)
HPRegen  0.30/turn              (no ring)
MPRegen  0.10/turn              (no ring)

@: flying, very slightly contaminated, regenerating quickly
A: fangs 3, see invisible, unbreathing
a: Exsanguinate


You were on level 2 of the Dungeon.
You visited 1 branch of the dungeon, and saw 2 of its levels.

You collected 42 gold pieces.

Inventory:

Hand Weapons
 a - a +1 dagger (weapon)
Missiles
 i - a throwing net (quivered)
 j - 13 poisoned darts
Armour
 b - a +0 robe (worn)
Jewellery
 g - a cursed -4 ring of strength {unknown}
 m - a +4 ring of evasion {unknown}
Scrolls
 d - 7 scrolls of teleportation {unknown}
 e - 2 scrolls of remove curse {unknown}
 h - 4 scrolls of identify {unknown}
Potions
 c - a potion of heal wounds {unknown}
 f - a potion of flight
 k - a potion of lignification {unknown}
 l - a potion of cancellation {unknown}
 n - a potion of resistance {unknown}


   Skills:
 + Level 1.1 Fighting
 * Level 2.5 Short Blades
 - Level 2.1 Dodging
 * Level 5.6 Stealth
 - Level 2.0 Spellcasting
 + Level 4.9 Hexes
 + Level 1.0 Ice Magic


You had one spell level left.
You knew the following spells:

 Your Spells              Type           Power        Failure   Level
a - Corona                Hex            ###....      2%          1
s - Ensorcelled Hibernat  Hex/Ice        ##....       9%          2
t - Tukima's Dance        Hex            ###.....     8%          3

Your spell library contained the following spells:

 Spells                   Type           Power        Failure   Level
 Confusing Touch          Hex            ###.....     8%          3
 Dazzling Flash           Conj/Hex       ##....       22%         3


Dungeon Overview and Level Annotations

Branches:
Dungeon (2/15)

Altars:


Innate Abilities, Weirdness & Mutations

Your natural rate of healing is unusually fast.
You have razor-sharp teeth.
You have supernaturally acute eyesight. (SInv)
You can survive without breathing.


Message History

Casting: Tukima's Dance (quite dangerous; 8% risk of failure)
Confirm with . or Enter, or press ? or * to list all spells.
Aiming: Ensorcelled Hibernation (safe; 9% risk of failure)
Press: ? - help, Shift-Dir - straight line, f - gnoll
Aim: a gnoll (chance to defeat MR: 51%)
You miscast Ensorcelled Hibernation.
You are very lightly contaminated with residual magic.
Nothing appears to happen.
The gnoll misses you.
Casting: Ensorcelled Hibernation (safe; 9% risk of failure)
Confirm with . or Enter, or press ? or * to list all spells.
Press: ? - help, Shift-Dir - straight line, f - gnoll, p - gnoll
Aim: a gnoll, wielding a +0 spear (chance to defeat MR: 51%)
The gnoll resists with some effort.
The gnoll barely misses you. The gnoll hits you.
* * * LOW HITPOINT WARNING * * *
Okay, then.
It was a potion of flight.
You feel very buoyant.
You fly up into the air.
The gnoll misses you. The gnoll hits you!
You die...

.## #..g......+....#.# #.# .<#
#.........####.#.# #.. ..#
#####'######.#.########..
..#######..........#.#...........
..g)ggg.'..........'.#.#.#######.
#.#######..........###.#.# #. #g#
##########g### #.#.# ## #.#
#....# #.# ##.#.########
#.#####....# #@# #..#.........
...........#####g####............
#.####.....g.g...#...............
#.# #.#'#########.##..#########.
#.# #.#.# #..........#.......#.
#.####.#.# #.##†.....##.#####.#.
#........# #.##.#.#.....#.###.#.
######.### #.#....##.##.......#.
# #.# #.####.##.####.#####.


You could see 2 gnolls.

Vanquished Creatures
  2 gnolls (D:2)
  2 adders (D:2)
  2 worms (D:2)
  3 leopard geckos
  2 ball pythons (D:1)
  2 giant cockroaches (D:1)
  3 hobgoblins
  A quokka (D:2)
  10 bats
  3 frilled lizards
  4 goblins
  2 kobolds
  4 rats
40 creatures vanquished.

Vanquished Creatures (others)
  A dancing weapon (D:2)
1 creature vanquished.

Grand Total: 41 creatures vanquished

Notes
Turn   | Place    | Note
-------+----------+-------------------------------------------
     0 | D:1      | KikubaaqudghaCute the Vampire Enchanter began the quest for
                  | the Orb.
     0 | D:1      | Reached XP level 1. HP: 13/13 MP: 3/3
   184 | D:1      | Reached XP level 2. HP: 18/19 MP: 5/5
   188 | D:1      | Learned a level 2 spell: Ensorcelled Hibernation
   526 | D:1      | Reached skill level 5 in Stealth
  1207 | D:2      | Reached XP level 3. HP: 25/25 MP: 6/6
  1212 | D:2      | Learned a level 3 spell: Tukima's Dance
  1427 | D:2      | Reached skill level 1 in Fighting
  1952 | D:2      | Reached skill level 1 in Ice Magic
  1952 | D:2      | Reached XP level 4. HP: 32/32 MP: 7/7
  2018 | D:2      | Slain by a gnoll

Illustrated notes

Levels and vault maps discovered:
D:1:      matt_arrival_grand_opening, layout_basic
D:2:      layout_basic

Skill      XL: |  1  2  3 |
---------------+----------+-----
Stealth        | 5 |  5.6
Short Blades   | 2 |  2.5
Fighting       | 1 |  1.1
Ice Magic      | 1 |  1.0
Dodging        | |  2.1
Spellcasting   | |  2.0
Hexes          | |  4.9

Action                   |  1- 3 |  4- 6 || total
-------------------------+-------+-------++-------
Melee: Dagger            |   136 |     9 ||   145
       Bite              |     6 |       ||     6
 Cast: Corona            |     2 |       ||     2
       Ensorcelled Hiber |     1 |     2 ||     3
       Tukima's Dance    |       |     1 ||     1
  Use: Potion            |       |     1 ||     1
 Stab: Sleeping          |    14 |       ||    14
Armor: Robe              |    45 |       ||    45
Dodge: Dodged            |   102 |     7 ||   109

Table legend: (Time is in decaauts)
 A = Elapsed time spent in this place.
 B = Non-inter-level travel time spent in this place.
 C = Inter-level travel time spent in this place.
 D = Time resting spent in this place.
 E = Time spent auto-exploring this place.
 F = Levels seen in this place.
 G = Mean time per level.
                   A        B        C        D        E       F      G
               +--------+--------+--------+--------+--------+-----+--------+
         Total |   2004 |   1981 |     23 |      0 |   1560 |   2 | 1002.0 |
       Dungeon |   2004 |   1981 |     23 |      0 |   1560 |   2 | 1002.0 |
               +--------+--------+--------+--------+--------+-----+--------+

Top non-repeatable levels by time:
     D:1: 1182 daAuts
     D:2: 822 daAuts
